General information
- name: BNet
- type: Ladder team game (AT/RT)
- host: Battle.net
- saver: GreenNinja
map: FullScaleAssault
- players: 8
- length: 56:40
- speed: Fast
- version: 1.26 W3XP
- replay type: Public
» download(291 KB)
Players
team 1 (winner)
motts (
green | 39 APM | 1886 actions | 48:05)
7 Warden
3 Fan of Knives
2 Blink
1 Spirit of Vengeance
1 Shadow Strike
» actions
| Basic commands | 12 | |
| Build / train | 73 | |
| Enter build submenu | 27 | |
| Enter hero's abilities submenu | 7 | |
| Give item / drop item | 1 | |
| Remove unit from queue | 1 | |
| Right click | 1188 | |
| Select / deselect | 490 | |
| Use ability | 87 | |
1886 total
» units
| Wisp | 18 | |
| Chimaera | 6 | |
| Hippogryph | 12 | |
36 total
» upgrades
| Ultravision | 1 | |
| Strength of the Wild | 3 | |
| Reinforced Hides | 3 | |
| Well Spring | 1 | |
| Corrosive Breath | 1 | |
9 total
» buildings
| Altar of Elders | 1 | |
| Moon Well | 8 | |
| Hunter's Hall | 1 | |
| Tree of Ages | 1 | |
| Tree of Life | 7 | |
| Tree of Eternity | 2 | |
| Ancient of Wind | 2 | |
| Chimaera Roost | 3 | |
| Ancient of Wonders | 3 | |
28 total
» build order
00:17 Altar of Elders
00:22 Moon Well
01:26 Moon Well
01:32 Hunter's Hall
02:23 Moon Well
02:37 Moon Well
02:46 Moon Well
03:18 Moon Well
03:37 Tree of Ages
04:56 Moon Well
05:24 Tree of Life
06:04 Tree of Eternity
06:17 Ancient of Wind
08:33 Chimaera Roost
08:35 Chimaera Roost
08:37 Chimaera Roost
08:59 Ancient of Wonders
10:11 Moon Well
14:53 Ancient of Wind
20:09 Ancient of Wonders
21:22 Ancient of Wonders
23:56 Tree of Life
27:53 Tree of Life
29:19 Tree of Life
34:00 Tree of Life
34:05 Tree of Life
35:26 Tree of Life
» items
| Boots of Speed | 1 | |
| Staff of Teleportation | 1 | |
| Circlet of Nobility | 1 | |
| Orb of Venom | 1 | |
| Moonstone | 3 | |
| Lesser Clarity Potion | 1 | |
| Scroll of Town Portal | 4 | |
12 total
ykcin89 (
blue | 24 APM | 1378 actions | 56:39)
4 Archmage
1 Summon Water Elemental
2 Blizzard
1 Brilliance Aura
» actions
| Assign group hotkey | 14 | |
| Basic commands | 18 | |
| Build / train | 128 | |
| Enter build submenu | 40 | |
| Enter hero's abilities submenu | 4 | |
| Remove unit from queue | 2 | |
| Right click | 306 | |
| Select / deselect | 288 | |
| Select group hotkey | 426 | |
| Use ability | 152 | |
1378 total
» units
| Peasant | 20 | |
| Siege Engine | 21 | |
| Goblin Shredder | 1 | |
42 total
» upgrades
| Masonry | 3 | |
| Lumber Harvesting | 2 | |
| Barrage | 1 | |
| Plating | 2 | |
| Gunpowder | 2 | |
| Magic Sentry | 1 | |
11 total
» buildings
| Farm | 16 | |
| Altar of Kings | 1 | |
| Lumber Mill | 1 | |
| Scout Tower | 80 | |
| Guard Tower | 52 | |
| Keep | 3 | |
| Castle | 5 | |
| Town Hall | 1 | |
| Blacksmith | 1 | |
| Workshop | 4 | |
| Arcane Sanctum | 1 | |
165 total
» build order
00:19 Farm
00:22 Altar of Kings
01:02 Lumber Mill
01:26 Farm
01:43 Scout Tower
01:45 Scout Tower
01:47 Scout Tower
02:11 Scout Tower
02:12 Scout Tower
02:23 Guard Tower
02:39 Guard Tower
02:49 Guard Tower
02:53 Scout Tower
03:00 Scout Tower
03:03 Guard Tower
03:11 Guard Tower
03:16 Scout Tower
03:25 Scout Tower
03:41 Guard Tower
03:45 Scout Tower
03:46 Scout Tower
03:51 Scout Tower
03:52 Scout Tower
03:53 Scout Tower
03:55 Guard Tower
03:58 Guard Tower
04:05 Scout Tower
04:06 Scout Tower
04:10 Guard Tower
04:42 Guard Tower
04:52 Keep
04:52 Keep
04:53 Keep
04:59 Guard Tower
04:59 Guard Tower
05:00 Guard Tower
05:00 Guard Tower
05:06 Guard Tower
05:10 Scout Tower
05:12 Scout Tower
05:16 Scout Tower
05:17 Scout Tower
05:24 Guard Tower
05:37 Guard Tower
05:40 Guard Tower
05:48 Guard Tower
05:48 Guard Tower
05:48 Guard Tower
05:54 Guard Tower
05:57 Scout Tower
05:57 Scout Tower
05:58 Scout Tower
06:00 Scout Tower
06:13 Scout Tower
06:13 Scout Tower
06:14 Scout Tower
06:20 Guard Tower
06:28 Guard Tower
06:56 Guard Tower
07:13 Castle
07:14 Castle
07:14 Castle
07:14 Castle
07:48 Guard Tower
07:51 Guard Tower
08:07 Guard Tower
08:42 Town Hall
08:45 Scout Tower
08:45 Scout Tower
08:47 Scout Tower
08:48 Scout Tower
08:50 Scout Tower
08:51 Scout Tower
08:58 Scout Tower
08:59 Scout Tower
09:01 Scout Tower
09:02 Scout Tower
09:03 Scout Tower
09:05 Scout Tower
09:49 Blacksmith
10:00 Scout Tower
10:00 Scout Tower
10:01 Scout Tower
10:02 Scout Tower
10:17 Scout Tower
10:17 Scout Tower
10:18 Scout Tower
10:19 Scout Tower
10:20 Scout Tower
10:21 Scout Tower
10:22 Scout Tower
10:23 Scout Tower
10:23 Scout Tower
10:25 Scout Tower
10:34 Farm
11:13 Scout Tower
11:13 Scout Tower
11:14 Scout Tower
11:15 Scout Tower
11:28 Workshop
11:32 Workshop
12:41 Workshop
13:48 Farm
13:48 Farm
13:49 Farm
13:50 Farm
13:51 Farm
14:41 Scout Tower
14:42 Scout Tower
14:42 Scout Tower
14:44 Scout Tower
14:45 Scout Tower
14:49 Guard Tower
15:41 Guard Tower
16:00 Guard Tower
16:13 Guard Tower
16:16 Guard Tower
16:16 Guard Tower
16:17 Guard Tower
16:17 Guard Tower
16:20 Guard Tower
16:38 Guard Tower
17:15 Guard Tower
17:34 Guard Tower
17:48 Guard Tower
18:32 Scout Tower
18:33 Scout Tower
18:34 Scout Tower
18:35 Scout Tower
18:35 Scout Tower
18:47 Workshop
18:51 Farm
18:51 Farm
18:52 Farm
18:52 Farm
18:53 Farm
18:54 Farm
18:55 Farm
18:56 Farm
19:05 Scout Tower
19:06 Scout Tower
19:07 Scout Tower
19:08 Scout Tower
21:20 Guard Tower
21:24 Scout Tower
21:24 Scout Tower
21:25 Scout Tower
21:25 Scout Tower
21:26 Scout Tower
21:29 Scout Tower
21:29 Scout Tower
21:29 Scout Tower
21:30 Scout Tower
22:53 Guard Tower
36:36 Arcane Sanctum
» items
| Boots of Speed | 1 | |
| Staff of Teleportation | 1 | |
| Potion of Invisibility | 1 | |
| Potion of Lesser Invulnerability | 1 | |
| Scroll of Regeneration | 1 | |
| Lesser Clarity Potion | 1 | |
| Potion of Healing | 1 | |
7 total

»
heywhitie11 (
pink | 56 APM | 2331 actions | 41:31)
7 Death Knight
3 Death Coil
3 Unholy Aura
1 Animate Dead
6 Lich
3 Frost Nova
1 Frost Armor
1 Dark Ritual
1 Death and Decay
» actions
| Assign group hotkey | 19 | |
| Basic commands | 64 | |
| Build / train | 66 | |
| Enter build submenu | 17 | |
| Enter hero's abilities submenu | 13 | |
| Give item / drop item | 7 | |
| Remove unit from queue | 3 | |
| Right click | 1224 | |
| Select / deselect | 216 | |
| Select group hotkey | 623 | |
| Use ability | 79 | |
2331 total
» units
| Acolyte | 8 | |
| Ghoul | 6 | |
| Crypt Fiend | 6 | |
| Frost Wyrm | 11 | |
31 total
» upgrades
| Web | 1 | |
| Freezing Breath | 1 | |
| Creature Carapace | 3 | |
| Creature Attack | 3 | |
8 total
» buildings
| Graveyard | 1 | |
| Crypt | 1 | |
| Ziggurat | 8 | |
| Altar of Darkness | 1 | |
| Tomb of Relics | 1 | |
| Necropolis | 2 | |
| Halls of the Dead | 1 | |
| Sacrificial Pit | 1 | |
| Black Citadel | 1 | |
| Spirit Tower | 1 | |
| Boneyard | 3 | |
21 total
» build order
00:09 Graveyard
00:13 Crypt
00:45 Ziggurat
01:03 Altar of Darkness
02:00 Ziggurat
02:29 Tomb of Relics
04:59 Necropolis
05:13 Ziggurat
05:14 Ziggurat
06:19 Halls of the Dead
08:53 Sacrificial Pit
08:56 Black Citadel
09:02 Ziggurat
09:03 Ziggurat
09:04 Ziggurat
09:05 Ziggurat
10:30 Spirit Tower
11:29 Boneyard
11:30 Boneyard
11:31 Boneyard
34:19 Necropolis
» items
| Rod of Necromancy | 1 | |
| Periapt of Vitality | 1 | |
| Circlet of Nobility | 1 | |
| Scroll of Healing | 1 | |
| Scroll of Town Portal | 2 | |
6 total
GreenNinja (
orange | 40 APM | 2291 actions | 56:40)
8 Archmage
3 Summon Water Elemental
3 Brilliance Aura
1 Mass Teleport
1 Blizzard
» actions
| Assign group hotkey | 25 | |
| Basic commands | 344 | |
| Build / train | 108 | |
| Enter build submenu | 79 | |
| Enter hero's abilities submenu | 9 | |
| Give item / drop item | 10 | |
| Remove unit from queue | 2 | |
| Right click | 702 | |
| Select / deselect | 499 | |
| Select group hotkey | 271 | |
| Use ability | 241 | |
2291 total
» units
| Peasant | 22 | |
| Footman | 4 | |
| Goblin Shredder | 1 | |
| Goblin Zeppelin | 4 | |
| Dragonhawk Rider | 2 | |
| Goblin Sapper | 12 | |
| Gryphon Rider | 3 | |
| Blue Dragon | 2 | |
50 total
» upgrades
| Masonry | 3 | |
| Swords | 3 | |
| Armor | 3 | |
| Animal War Training | 1 | |
| Cloud | 1 | |
| Storm Hammers | 1 | |
12 total
» buildings
| Altar of Kings | 2 | |
| Barracks | 2 | |
| Farm | 13 | |
| Scout Tower | 56 | |
| Arcane Tower | 1 | |
| Arcane Vault | 1 | |
| Keep | 1 | |
| Town Hall | 6 | |
| Castle | 1 | |
| Lumber Mill | 1 | |
| Gryphon Aviary | 12 | |
| Blacksmith | 2 | |
| Guard Tower | 8 | |
106 total
» build order
00:37 Altar of Kings
00:38 Barracks
00:44 Altar of Kings
00:45 Barracks
00:57 Farm
00:58 Farm
01:18 Farm
02:01 Farm
02:06 Farm
02:13 Scout Tower
02:50 Arcane Tower
03:24 Arcane Vault
03:51 Keep
04:41 Town Hall
04:45 Scout Tower
04:47 Scout Tower
04:47 Scout Tower
04:48 Scout Tower
06:01 Farm
06:15 Castle
07:38 Lumber Mill
09:03 Gryphon Aviary
09:05 Blacksmith
09:06 Blacksmith
09:11 Gryphon Aviary
09:11 Gryphon Aviary
09:12 Gryphon Aviary
09:16 Gryphon Aviary
10:56 Town Hall
10:59 Scout Tower
11:00 Scout Tower
11:00 Scout Tower
11:01 Scout Tower
11:08 Scout Tower
11:09 Scout Tower
11:11 Scout Tower
11:11 Scout Tower
11:11 Scout Tower
11:12 Scout Tower
11:51 Farm
11:51 Farm
11:53 Farm
11:55 Farm
14:13 Guard Tower
16:04 Guard Tower
17:18 Guard Tower
20:21 Scout Tower
20:22 Scout Tower
20:24 Scout Tower
20:25 Scout Tower
20:26 Scout Tower
20:27 Scout Tower
20:28 Scout Tower
20:29 Scout Tower
20:32 Scout Tower
20:33 Scout Tower
20:39 Scout Tower
20:39 Scout Tower
20:40 Scout Tower
20:40 Scout Tower
20:41 Scout Tower
20:42 Scout Tower
20:42 Scout Tower
20:43 Scout Tower
20:44 Scout Tower
20:46 Scout Tower
20:47 Scout Tower
22:16 Farm
23:01 Guard Tower
23:03 Guard Tower
23:11 Scout Tower
23:12 Scout Tower
23:13 Scout Tower
23:15 Scout Tower
23:18 Scout Tower
23:19 Scout Tower
23:21 Scout Tower
23:21 Scout Tower
24:51 Guard Tower
24:53 Farm
24:54 Farm
25:43 Gryphon Aviary
25:43 Gryphon Aviary
25:44 Gryphon Aviary
25:45 Gryphon Aviary
25:46 Gryphon Aviary
25:49 Gryphon Aviary
26:08 Gryphon Aviary
29:53 Town Hall
38:36 Town Hall
38:50 Town Hall
41:21 Scout Tower
41:21 Scout Tower
41:21 Scout Tower
41:22 Scout Tower
41:22 Scout Tower
41:24 Scout Tower
41:24 Scout Tower
41:24 Scout Tower
41:25 Scout Tower
41:26 Scout Tower
41:26 Scout Tower
41:29 Town Hall
42:44 Guard Tower
44:58 Guard Tower
» items
| Potion of Healing | 2 | |
| Scroll of Regeneration | 2 | |
| Scroll of Town Portal | 9 | |
| Periapt of Vitality | 2 | |
| Staff of Teleportation | 3 | |
| Potion of Lesser Invulnerability | 2 | |
| Boots of Speed | 2 | |
22 total
team 2 (loser)
Virus_Fox. (
teal | 90 APM | 2144 actions | 23:53)
5 Demon Hunter
3 Evasion
2 Mana Burn
2 Naga Sea Witch
1 Frost Arrows
1 Forked Lightning
1 Dark Ranger
1 Silence
» actions
| Assign group hotkey | 25 | |
| Basic commands | 67 | |
| Build / train | 137 | |
| ESC pressed | 6 | |
| Enter build submenu | 39 | |
| Enter hero's abilities submenu | 9 | |
| Give item / drop item | 10 | |
| Remove unit from queue | 1 | |
| Right click | 633 | |
| Select / deselect | 461 | |
| Select group hotkey | 638 | |
| Use ability | 118 | |
2144 total
» units
| Wisp | 45 | |
| Huntress | 4 | |
| Goblin Zeppelin | 6 | |
| Chimaera | 4 | |
| Goblin Shredder | 2 | |
| Hippogryph | 13 | |
74 total
» upgrades
| Strength of the Wild | 3 | |
| Reinforced Hides | 2 | |
| Well Spring | 1 | |
| Corrosive Breath | 1 | |
7 total
» buildings
| Altar of Elders | 1 | |
| Moon Well | 7 | |
| Ancient of War | 2 | |
| Tree of Life | 7 | |
| Tree of Ages | 6 | |
| Hunter's Hall | 2 | |
| Tree of Eternity | 3 | |
| Ancient of Wind | 4 | |
| Chimaera Roost | 3 | |
| Ancient of Wonders | 2 | |
| Ancient Protector | 7 | |
44 total
» build order
00:13 Altar of Elders
00:20 Moon Well
01:04 Ancient of War
01:47 Moon Well
02:00 Moon Well
03:11 Tree of Life
03:33 Tree of Ages
03:33 Tree of Ages
03:33 Tree of Ages
03:34 Tree of Ages
03:54 Hunter's Hall
04:31 Ancient of War
05:54 Tree of Eternity
05:55 Tree of Eternity
06:23 Tree of Life
06:46 Ancient of Wind
06:48 Hunter's Hall
08:37 Chimaera Roost
08:37 Chimaera Roost
08:38 Chimaera Roost
08:49 Tree of Life
10:00 Tree of Life
11:57 Moon Well
11:58 Moon Well
11:59 Moon Well
11:59 Moon Well
12:23 Ancient of Wonders
12:29 Ancient of Wind
12:29 Ancient of Wind
12:40 Ancient of Wind
16:41 Tree of Life
16:44 Ancient Protector
16:45 Ancient Protector
16:45 Ancient Protector
16:46 Ancient Protector
17:42 Ancient Protector
17:43 Ancient Protector
17:49 Ancient Protector
20:16 Tree of Life
21:22 Tree of Ages
21:22 Tree of Ages
21:57 Tree of Life
22:38 Ancient of Wonders
» items
| Circlet of Nobility | 2 | |
| Staff of Teleportation | 1 | |
| Scroll of Healing | 1 | |
| Anti-magic Potion | 2 | |
| Potion of Healing | 3 | |
| Scroll of Town Portal | 2 | |
| Orb of Venom | 2 | |
13 total

»
temp7 (
purple | 55 APM | 1305 actions | 23:48)
5 Dark Ranger
3 Black Arrow
2 Life Drain
3 Death Knight
1 Death Coil
2 Unholy Aura
» actions
| Assign group hotkey | 50 | |
| Basic commands | 193 | |
| Build / train | 63 | |
| ESC pressed | 1 | |
| Enter build submenu | 29 | |
| Enter hero's abilities submenu | 8 | |
| Give item / drop item | 1 | |
| Remove unit from queue | 4 | |
| Right click | 315 | |
| Select / deselect | 398 | |
| Select group hotkey | 186 | |
| Use ability | 57 | |
1305 total
» units
| Acolyte | 11 | |
| Ghoul | 4 | |
| Crypt Fiend | 5 | |
| Frost Wyrm | 5 | |
| Gargoyle | 9 | |
34 total
» upgrades
| Creature Attack | 3 | |
| Creature Carapace | 2 | |
5 total
» buildings
| Graveyard | 1 | |
| Crypt | 2 | |
| Ziggurat | 15 | |
| Altar of Darkness | 1 | |
| Tomb of Relics | 1 | |
| Halls of the Dead | 2 | |
| Black Citadel | 1 | |
| Necropolis | 1 | |
| Sacrificial Pit | 1 | |
| Nerubian Tower | 1 | |
| Spirit Tower | 4 | |
| Boneyard | 2 | |
32 total
» build order
00:15 Graveyard
00:22 Crypt
00:45 Ziggurat
01:01 Altar of Darkness
02:02 Ziggurat
03:36 Ziggurat
03:40 Tomb of Relics
04:36 Halls of the Dead
08:36 Ziggurat
08:37 Ziggurat
09:03 Black Citadel
09:31 Necropolis
09:34 Ziggurat
09:36 Ziggurat
09:39 Ziggurat
09:40 Ziggurat
10:16 Sacrificial Pit
10:26 Nerubian Tower
10:31 Spirit Tower
10:33 Spirit Tower
10:35 Spirit Tower
11:27 Boneyard
11:30 Boneyard
11:57 Ziggurat
12:51 Spirit Tower
14:43 Ziggurat
14:46 Ziggurat
14:48 Halls of the Dead
15:48 Ziggurat
15:50 Ziggurat
16:49 Ziggurat
16:52 Crypt
» items
| Dust of Appearance | 1 | |
| Scroll of Town Portal | 1 | |
2 total
TRAINWRECK- (
yellow | 68 APM | 3826 actions | 56:39)
7 Blademaster
3 Wind Walk
3 Critical Strike
1 Bladestorm
2 Demon Hunter
1 Metamorphosis
1 Mana Burn
» actions
| Assign group hotkey | 80 | |
| Basic commands | 3 | |
| Build / train | 67 | |
| Enter build submenu | 49 | |
| Enter hero's abilities submenu | 9 | |
| Give item / drop item | 8 | |
| Remove unit from queue | 1 | |
| Right click | 1593 | |
| Select / deselect | 501 | |
| Select group hotkey | 1302 | |
| Use ability | 213 | |
3826 total
» units
| Peon | 12 | |
| Goblin Shredder | 5 | |
| Wind Rider | 4 | |
| Goblin Zeppelin | 4 | |
| Blue Dragon | 1 | |
| Raider | 1 | |
27 total
» upgrades
| Reinforced Defenses | 1 | |
| Envenomed Spears | 1 | |
| Ranged Weapons | 2 | |
| Armor | 2 | |
| Ensnare | 1 | |
| Melee Weapons | 1 | |
8 total
» buildings
| Altar of Storms | 1 | |
| Orc Burrow | 16 | |
| Voodoo Lounge | 1 | |
| War Mill | 4 | |
| Stronghold | 4 | |
| Beastiary | 7 | |
| Fortress | 3 | |
| Great Hall | 2 | |
| Watch Tower | 76 | |
| Ancient Protector | 3 | |
| Moon Well | 2 | |
| Tree of Life | 1 | |
| Barracks | 3 | |
123 total
» build order
00:08 Altar of Storms
00:21 Orc Burrow
01:10 Voodoo Lounge
01:23 War Mill
02:09 Stronghold
02:37 Orc Burrow
03:26 Orc Burrow
04:36 Beastiary
04:38 Beastiary
07:35 Fortress
08:20 Great Hall
08:25 Watch Tower
08:25 Watch Tower
08:25 Watch Tower
08:34 Watch Tower
09:06 Beastiary
09:46 Watch Tower
09:47 Watch Tower
09:48 Watch Tower
09:48 Watch Tower
09:52 Watch Tower
10:50 Orc Burrow
10:50 Orc Burrow
10:51 Orc Burrow
11:46 Orc Burrow
13:23 Beastiary
13:54 Stronghold
14:03 Watch Tower
14:03 Watch Tower
14:04 Watch Tower
14:05 Watch Tower
14:06 Watch Tower
14:07 Watch Tower
18:59 Orc Burrow
21:02 Watch Tower
21:03 Watch Tower
21:03 Watch Tower
21:03 Watch Tower
21:04 Watch Tower
21:05 Watch Tower
21:05 Watch Tower
21:05 Watch Tower
21:07 Watch Tower
21:07 Watch Tower
21:13 Fortress
22:30 Watch Tower
22:30 Watch Tower
22:30 Watch Tower
22:31 Watch Tower
22:32 Watch Tower
22:40 Watch Tower
22:40 Watch Tower
22:41 Watch Tower
23:59 Watch Tower
24:00 Watch Tower
24:00 Watch Tower
24:00 Watch Tower
24:01 Watch Tower
24:02 Watch Tower
24:02 Watch Tower
24:02 Watch Tower
25:36 Watch Tower
25:37 Watch Tower
25:37 Watch Tower
25:38 Watch Tower
25:38 Watch Tower
25:38 Watch Tower
25:39 Watch Tower
25:39 Watch Tower
25:40 Watch Tower
25:40 Watch Tower
25:40 Watch Tower
25:41 Watch Tower
25:41 Watch Tower
25:42 Watch Tower
27:00 Ancient Protector
27:02 Ancient Protector
27:05 Ancient Protector
27:42 Watch Tower
28:17 Moon Well
28:21 Moon Well
28:48 Watch Tower
28:56 Watch Tower
28:57 Watch Tower
28:58 Watch Tower
28:59 Watch Tower
29:01 Watch Tower
29:02 Watch Tower
29:26 Watch Tower
29:26 Watch Tower
29:27 Watch Tower
29:32 Watch Tower
30:17 Tree of Life
30:33 War Mill
31:38 War Mill
33:30 Watch Tower
33:31 Watch Tower
35:42 Watch Tower
35:42 Watch Tower
35:44 Watch Tower
35:45 Watch Tower
35:46 Watch Tower
35:48 Watch Tower
36:01 Watch Tower
39:33 War Mill
39:36 Great Hall
42:56 Stronghold
42:56 Stronghold
43:03 Orc Burrow
43:07 Orc Burrow
43:07 Orc Burrow
43:08 Orc Burrow
47:46 Beastiary
47:48 Beastiary
47:50 Beastiary
47:53 Orc Burrow
47:54 Orc Burrow
49:54 Orc Burrow
49:55 Orc Burrow
51:56 Barracks
51:57 Barracks
51:58 Barracks
» items
| Healing Salve | 4 | |
| Staff of Teleportation | 2 | |
| Boots of Speed | 1 | |
| Scroll of Town Portal | 4 | |
| Orb of Lightning | 1 | |
12 total

»
NecroWendy (
red | 41 APM | 812 actions | 19:49)
3 Warden
1 Fan of Knives
1 Shadow Strike
1 Blink
1 Goblin Alchemist
1 Healing Spray
1 Firelord
1 Incinerate
» actions
| Assign group hotkey | 20 | |
| Basic commands | 62 | |
| Build / train | 87 | |
| Enter build submenu | 32 | |
| Enter hero's abilities submenu | 5 | |
| Give item / drop item | 1 | |
| Right click | 234 | |
| Select / deselect | 216 | |
| Select group hotkey | 104 | |
| Use ability | 50 | |
812 total
» units
| Wisp | 40 | |
| Huntress | 6 | |
| Goblin Shredder | 1 | |
| Dryad | 5 | |
| Hippogryph | 2 | |
54 total
» upgrades
| Ultravision | 1 | |
| Strength of the Wild | 3 | |
| Druid of the Talon Training | 2 | |
| Abolish Magic | 1 | |
| Reinforced Hides | 2 | |
| Druid of the Claw Training | 2 | |
| Nature's Blessing | 1 | |
| Mark of the Claw | 1 | |
| Well Spring | 1 | |
| Resistant Skin | 1 | |
15 total
» buildings
| Altar of Elders | 1 | |
| Moon Well | 11 | |
| Hunter's Hall | 1 | |
| Ancient of Wonders | 2 | |
| Ancient of War | 1 | |
| Tree of Ages | 4 | |
| Tree of Life | 2 | |
| Ancient of Lore | 2 | |
| Ancient of Wind | 2 | |
| Tree of Eternity | 1 | |
| Ancient Protector | 8 | |
35 total
» build order
00:17 Altar of Elders
00:24 Moon Well
01:31 Hunter's Hall
01:59 Ancient of Wonders
02:04 Ancient of War
02:23 Moon Well
03:00 Tree of Ages
03:00 Tree of Ages
03:00 Tree of Ages
03:01 Tree of Ages
03:23 Moon Well
05:25 Tree of Life
06:03 Ancient of Lore
06:05 Ancient of Lore
06:11 Ancient of Wind
06:19 Ancient of Wind
09:26 Moon Well
09:54 Moon Well
10:10 Moon Well
10:19 Tree of Eternity
10:28 Ancient Protector
10:36 Ancient Protector
11:05 Ancient Protector
11:15 Moon Well
11:21 Moon Well
11:32 Ancient Protector
13:30 Tree of Life
13:38 Ancient of Wonders
13:44 Ancient Protector
15:04 Ancient Protector
15:09 Ancient Protector
15:17 Ancient Protector
17:52 Moon Well
18:17 Moon Well
18:45 Moon Well
» items
| Scroll of Speed | 1 | |
| Orb of Lightning | 1 | |
| Orb of Corruption | 1 | |
3 total
Chat log
(01:04 / All) GreenNinja: not the best start for me lol
(01:36 / All) TRAINWRECK-: y
(01:43 / All) GreenNinja: dun goofed a lot
(01:56 / All) TRAINWRECK-: u dun be a nig
(03:27 / Allies) motts: tower almost done blue?
(04:55 / All) GreenNinja: experiencing delay
(07:11 / Allies) heywhitie11: creep mid?
(08:46 / Allies) motts: any lum?
(09:00 / Allies) motts: ty
(10:03 / Allies) heywhitie11: comin oj
(11:56 / Allies) GreenNinja: lumber
(12:34 / Allies) motts: yeah im going
(13:30 / Allies) heywhitie11: creep the dragons with me
(13:44 / Allies) GreenNinja: lumber
(14:14 / Allies) GreenNinja: KLUMBEr
(15:01 / Allies) motts: lets go oj
(15:17 / Allies) motts: cloud?
(15:52 / Allies) motts: wait for my heroo
(15:53 / Allies) motts: tp
(15:54 / Allies) motts: in
(17:58 / Allies) motts: what u doin oj
(17:59 / Allies) motts: ?
(18:03 / Allies) GreenNinja: had to defend my expos
(18:08 / Allies) motts: ok
(18:10 / Allies) motts: come
(18:19 / Allies) motts: need u to rpae purp
(19:01 / Allies) heywhitie11: oj go
(19:04 / Allies) motts: ffs oj
(19:17 / Allies) motts: what were u doing?
(19:25 / Allies) heywhitie11: beatin it i suppose1
(19:42 / All) TRAINWRECK-: tp
(19:43 / Allies) motts: got his main atleast
(20:00 / Allies) heywhitie11: lets hit
(20:07 / All) ykcin89: scrubs
(20:17 / Allies) motts: weve been hitting pink
(20:20 / Allies) motts: but kets go
(20:35 / Allies) motts: fight the hips
(20:59 / Allies) motts: im b
(21:31 / Allies) motts: omw back
(21:43 / Allies) motts: we need aa
(21:47 / Allies) motts: either blue or oj fight with us
(21:48 / Allies) heywhitie11: tanks
(22:09 / Allies) motts: k lets go with tanks
(22:58 / All) ykcin89: beaten by tanks n towers
(23:45 / All) ykcin89: so bad
(25:02 / Allies) GreenNinja: lumber?
(25:18 / Allies) GreenNinja: lumber?
(25:56 / All) motts: yellow chimes kill towers
(26:08 / All) motts: and raidesr
(28:45 / Allies) motts: why ok
(28:55 / Allies) heywhitie11: lol
(29:05 / Allies) motts: cock sucker
(29:22 / Allies) GreenNinja: chims are for homos
(29:33 / Allies) motts: so ur the one killing my expo
(31:17 / Allies) motts: why oj...
(31:24 / Allies) motts: you fuckin nigger
(31:28 / Allies) GreenNinja: you know why
(31:31 / Allies) GreenNinja: asshole
(31:35 / Allies) motts: cuz youre gay
(31:39 / Allies) GreenNinja: cuz YOU
(31:39 / Allies) motts: how...?
(31:40 / Allies) GreenNinja: are
(31:41 / Allies) GreenNinja: GAY
(31:43 / Allies) motts: what the fuck did ido
(31:50 / Allies) ykcin89: whats oj doing
(31:58 / Allies) motts: well im afk now
(32:00 / Allies) motts: peace
(32:47 / Allies) heywhitie11: tower around them
(32:57 / Allies) motts: just get zeps for tanks
(33:07 / Allies) heywhitie11: oj
(33:12 / Allies) heywhitie11: can we please just win this
(33:12 / Allies) motts: i woulda killed them but oj fucked me over
(33:17 / Allies) motts: he can just get cloud
(33:24 / Allies) motts: easy win
(33:33 / Allies) motts: lol dumbass
(34:26 / All) motts: if oj wasnt bs'ing he could just cloud
(34:30 / All) motts: and trap all that shit
(34:41 / Allies) GreenNinja: you're a queer green
(34:45 / Allies) heywhitie11: get morts and knockout them trees
(34:46 / Allies) motts: why
(34:49 / Allies) GreenNinja: you know why
(34:55 / Allies) motts: no i dont lol
(35:15 / All) motts: lol nice brah
(35:19 / Allies) heywhitie11: wow
(35:35 / Allies) GreenNinja: just leave green
(35:42 / Allies) motts: na
(35:50 / Allies) ykcin89: gold plz
(35:51 / Allies) motts: if im gunna get a loss and youre gunna witness it
(35:54 / Allies) motts: ill just go afk
(35:59 / Allies) motts: theyll have to kill everything
(36:01 / Allies) motts: or you will
(36:02 / Allies) ykcin89: gold plz
(36:17 / Allies) heywhitie11: whoa
(36:18 / Allies) heywhitie11: wtf
(36:25 / Allies) ykcin89: dont know why oj?
(36:50 / All) motts: i dont understand why oj is bs'ing
(36:59 / All) GreenNinja: leave green so this team can win
(37:03 / All) TRAINWRECK-: lol
(37:11 / All) motts: anyway youll have to kill evry building
(37:15 / All) motts: im not leaving
(37:16 / Allies) heywhitie11: this is such bullshit
(37:22 / All) TRAINWRECK-: Thats fine faggot
(37:26 / All) motts: lol
(37:27 / All) TRAINWRECK-: ur gonna lose the hard way
(37:30 / All) motts: you mad?
(37:32 / All) TRAINWRECK-: low life nerd
(37:33 / Allies) heywhitie11: i have never seen this in the 12 years i have been playing
(37:35 / All) TRAINWRECK-: the game is over
(37:37 / All) motts: you and oj gay
(37:46 / All) motts: have fun killing everything
(37:51 / All) motts: ill just watch tv lmao
(37:55 / All) motts: peace
(37:55 / All) TRAINWRECK-: by nerd
(38:01 / All) GreenNinja: said he'd be afk 20 mins ago
(38:02 / Allies) heywhitie11: take him out blue
(38:08 / All) TRAINWRECK-: we'll watch replay and see u highlighting stuff 40 min later
(38:14 / Allies) heywhitie11: share control blue
(38:30 / Allies) GreenNinja: Don't wage war against me blue
(38:32 / Allies) GreenNinja: We are brothers
(39:38 / Allies) GreenNinja: Blue you gave control?
(39:40 / Allies) GreenNinja: Big mistake
(39:56 / Allies) GreenNinja: Take control back or did you strike me yourself?
(39:58 / Allies) GreenNinja: BIG MISTAKE
(39:59 / Allies) ykcin89: lolol suck a dick\
(40:08 / Allies) GreenNinja: You will be easily vanquished
(40:23 / Allies) GreenNinja: I AM CRASHING THIS PLANE
(40:25 / Allies) GreenNinja: WITH NO SURVIVORS
(40:55 / Allies) heywhitie11: sorry guys
(40:57 / All) TRAINWRECK-: bet u green isnt afk
(41:03 / Allies) heywhitie11: this is the gayest game ive ever seen
(41:04 / All) GreenNinja: BLUE IS A TRAITOR
(41:08 / Allies) ykcin89: come to my towers oj
(41:14 / Allies) GreenNinja: Don';t worry I will
(41:31 / All) TRAINWRECK-: thats what u get blue for talking shit
(41:45 / All) ykcin89: afk homies
(41:54 / All) TRAINWRECK-: lol
(41:58 / All) TRAINWRECK-: they truly want a win
(42:01 / All) TRAINWRECK-: i can always telll
(42:11 / All) GreenNinja: They stand no chance against my mighty army!
(42:17 / All) GreenNinja: And my vast coffers!
(42:22 / All) TRAINWRECK-: teal was such a faggot wow
(42:26 / All) TRAINWRECK-: 5 expos
(42:35 / All) TRAINWRECK-: i thought for sure he was in on it with blue or somebody
(43:36 / All) TRAINWRECK-: they always think they "spite" us by going afk
(43:45 / All) TRAINWRECK-: i always plan to mop up the buildings
(44:26 / Allies) GreenNinja: I'm at your toewrs do something abotu it bitch
(44:38 / Allies) GreenNinja: come on pussy
(44:46 / Allies) GreenNinja: baby back bitch
(45:13 / All) TRAINWRECK-: glad id ecide dto get island expo instea of 2 ground ones
(45:26 / All) GreenNinja: yes
(46:00 / Allies) GreenNinja: Do something newbie
(46:51 / All) TRAINWRECK-: they claim they are afk but if u lag out they would 100% be there
(47:47 / All) motts: lmao you guys still not even close to done
(47:49 / All) motts: is blue here?
(47:56 / All) GreenNinja: He's here like you are
(47:58 / All) GreenNinja: the whole time
(47:58 / All) TRAINWRECK-: watch tv u nigger
(48:03 / All) TRAINWRECK-: lawl
(48:07 / All) TRAINWRECK-: "watching tv"
(48:08 / All) GreenNinja: stewing in angery and helplessness
(51:31 / All) TRAINWRECK-: im gonna watch replay im fairly certain virus fox hacks
(54:12 / All) GreenNinja: Anything to say for yourself, blue?
(54:15 / All) GreenNinja: We all know you're not afk
(55:22 / All) GreenNinja: lol
(55:26 / All) TRAINWRECK-: lawl
(55:26 / All) GreenNinja: splash damage
(55:29 / All) TRAINWRECK-: skill
(55:35 / All) TRAINWRECK-: splash i thought would kill the tower
(55:49 / All) GreenNinja: Aight blue
(56:01 / All) GreenNinja: we give you 20 seconds to have a final statement
(56:05 / All) GreenNinja: then it's over, ya dig?
(56:07 / All) GreenNinja: 19
(56:09 / All) GreenNinja: 18
(56:12 / All) GreenNinja: 17
(56:13 / All) GreenNinja: 16
(56:15 / All) GreenNinja: 15
(56:16 / All) GreenNinja: 14
(56:17 / All) GreenNinja: 13
(56:19 / All) GreenNinja: 12
(56:20 / All) GreenNinja: 11
(56:23 / All) GreenNinja: 10
(56:24 / All) GreenNinja: 9
(56:25 / All) GreenNinja: 8
(56:26 / All) GreenNinja: 7
(56:28 / All) GreenNinja: 6
(56:29 / All) GreenNinja: 5
(56:30 / All) GreenNinja: 4
(56:31 / All) GreenNinja: 3
(56:32 / All) GreenNinja: 2
(56:33 / All) GreenNinja: 1